Cogmind - Beta 12 --- EXPLORER MODE // 2023.04.02 @ 19:52:08 // Winter2022/Polymind Player: Badonion Result: Self-destructed Performance ------------- Evolutions (1) 500 Regions Visited (4) 800 Robots Destroyed (3) 15 Value Destroyed (125) 125 Prototype IDs (0) 0 Alien Tech Used (0) 0 Bonus (2175) 2175 TOTAL SCORE: 3375 Bonus ------- Polymind Skill 1975 Pacifist 200 Cogmind --------- Core Integrity 400/400 Matter 100/100 Energy 215/215 System Corruption 0% Temperature Cool (0) Movement Treading (160) Location -9/Mines Parts ------- > --- POWER (1) -------- Improved Ion Engine > --- PROPULSION (2) --- Light Treads Light Treads > --- UTILITY (3) ------ Heat Sink Heat Sink Light Armor Plating > --- WEAPON (2) ------- Beam Rifle Heavy Assault Rifle > --- INVENTORY (1) ---- (None) Peak State ------------ > --- POWER ------------ Improved Ion Engine > --- PROPULSION ------- Light Treads Light Treads > --- UTILITY ---------- Heat Sink Heat Sink Light Armor Plating > --- WEAPON ----------- Beam Rifle Heavy Assault Rifle > --- INVENTORY -------- (None) [Rating: 11] Favorites ----------- Power Light Ion Engine Engine Light Ion Engine Propulsion Compact Wheel Treads Light Treads Wheel Compact Wheel Utility Small Storage Unit Device Tractor Beam Storage Small Storage Unit Processor Terrain Scan Processor Protection Light Armor Plating Weapon Beam Rifle Energy Gun Beam Rifle Ballistic Gun Heavy Assault Rifle Special Weapon Mining Laser Build | -11 -10 -10 -9 -9 ------- Run | Jun Mat Min Mat Min Slots Evolved . | . . . . . Power . | . . . . . Propulsion . | . . . . . Utility . | . . . . . Weapon . | . . . . . Parts Attached . | . . . . . Power . | . . . . . Engine . | . . . . . Core . | . . . . . Reactor . | . . . . . Propulsion . | . . . . . Treads . | . . . . . Leg . | . . . . . Wheel . | . . . . . Hover . | . . . . . Flight . | . . . . . Utility . | . . . . . Device . | . . . . . Storage . | . . . . . Processor . | . . . . . Hackware . | . . . . . Protection . | . . . . . Artifact . | . . . . . Weapon . | . . . . . Energy Gun . | . . . . . Energy Cannon . | . . . . . Ballistic Gun . | . . . . . Ballistic Cannon . | . . . . . Launcher . | . . . . . Special Weapon . | . . . . . Impact Weapon . | . . . . . Slashing Weapon . | . . . . . Piercing Weapon . | . . . . . Special Melee Weapon . | . . . . . Unidentified Prototypes . | . . . . . Parts Lost . | . . . . . Power . | . . . . . Propulsion . | . . . . . Utility . | . . . . . Weapon . | . . . . . Highest Loss Streak . | . . . . . To Critical Strikes . | . . . . . Average Slot Usage (%) 100 | . 100 100 100 100 Engine 17 | . 20 17 12 12 Treads 5 | . . . 20 25 Wheel 29 | . 40 34 6 . Device 23 | . 20 25 26 25 Storage 11 | . 20 9 . . Processor 1 | . . 3 . . Protection 2 | . . . 9 12 Energy Gun 2 | . . . 9 12 Ballistic Gun 2 | . . . 9 12 Special Weapon 3 | . . 8 3 . Naked Turns 1 | . . 1 . . Heaviest Build 18 | 9 9 9 18 18 Greatest Support 40 | 32 32 32 40 40 Greatest Overweight (x) . | . . . . . Average Overweight (x) . | . . . . . Largest Inventory Capacity 4 | 4 4 4 1 1 Average Capacity 2 | 3 4 1 . 1 Most Carried 4 | 4 4 1 . . Average Carried . | 1 1 . . . Final Capacity 4 | 4 4 . 1 1 Final Carried 4 | 4 . . . . Class Distribution -------------------- 56% | Recycler 21% | Sentry 14% | Tunneler 8% | Builder Dominant Class ---------------- Recycler | -10/Materials Recycler | -10/Mines Sentry | -9/Materials Sentry | -9/Mines Resources | -11 -10 -10 -9 -9 ----------- Run | Jun Mat Min Mat Min Matter Collected 12 | . . . 12 . Remotely . | . . . . . Salvage Created 145 | . . . 145 . Parts 11 | . . . 11 . Haulers Intercepted . | . . . . . Recyclers Shooed . | . . . . . Parts Field Recycled . | . . . . . Retrieved Matter . | . . . . . Parts Self-Destructed . | . . . . . Prevented . | . . . . . Kills | -11 -10 -10 -9 -9 ------- Run | Jun Mat Min Mat Min Combat Hostiles Destroyed 3 | . . . 3 . Guns 3 | . . . 3 . Classes Destroyed 3 | . . . 3 . Grunt 1 | . . . 1 . Brawler 1 | . . . 1 . Sentry 1 | . . . 1 . Best Kill Streak 3 | . . . 3 . Combat Bots Only 3 | . . . 3 . Max Kills in Single Turn 2 | . . . 2 . Gunslinging 1 | . . . 1 . Exploded . | . . . . . Melee . | . . . . . Uniques/NPCs Destroyed . | . . . . . Combat | -11 -10 -10 -9 -9 -------- Run | Jun Mat Min Mat Min Damage Taken 48 | . . 29 19 . Core . | . . . . . Absorbed by Shields . | . . . . . Core Remaining (%) 100 | 100 . 100 . . Volleys Fired 17 | . . 13 4 . Largest 2 | . . 1 2 . Hottest 100 | . . 100 79 . Shots Fired 21 | . . 13 8 . Gun 8 | . . . 8 . Cannon . | . . . . . Launcher . | . . . . . Special 13 | . . 13 . . Kinetic 4 | . . . 4 . Thermal 17 | . . 13 4 . Explosive . | . . . . . Electromagnetic . | . . . . . Robot Hit Streak 5 | . . 1 5 . Robot Miss Streak 1 | . . . 1 . Penetration Max . | . . . . . Secondary Targets 1 | . . . 1 . Max Gunslinging Chain 1 | . . . 1 . Shots Hit Robots 7 | . . 1 6 . Core Hits 5 | . . . 5 . Critical Kills . | . . . . . Critical Parts Destroyed . | . . . . . Critical Strikes 1 | . . . 1 . Burn 1 | . . . 1 . Melee Attacks . | . . . . . Impact . | . . . . . Slashing . | . . . . . Piercing . | . . . . . Sneak Attacks . | . . . . . Combat Hostiles . | . . . . . Follow-up Attacks . | . . . . . Damage Inflicted 123 | . . 24 99 . Guns 99 | . . . 99 . Cannons . | . . . . . Explosions . | . . . . . Melee . | . . . . . Ramming . | . . . . . Kinetic 52 | . . . 52 . Thermal 71 | . . 24 47 . Explosive . | . . . . . Electromagnetic . | . . . . . Impact . | . . . . . Slashing . | . . . . . Piercing . | . . . . . Highest Corruption . | . . . . . Average Corruption . | . . . . . Corruption Purged . | . . . . . Corruption Blocked . | . . . . . Overload Shots . | . . . . . Overflow Damage . | . . . . . Projectiles . | . . . . . Explosions . | . . . . . Melee . | . . . . . Knockbacks . | . . . . . Impact . | . . . . . Kinetic . | . . . . . Secondary . | . . . . . Self-Inflicted Damage . | . . . . . Shots . | . . . . . Rammed . | . . . . . Targets Rammed . | . . . . . Kicked . | . . . . . Crushed . | . . . . . Highest Temperature 290 | . . 290 8 . Average Temperature 133 | . . 140 4 . Received Heat Transfer 51 | . . 42 9 . Siege Activations . | . . . . . Robots Corrupted . | . . . . . Combat Hostiles . | . . . . . Parts Fried . | . . . . . Impact Corruptions . | . . . . . Robots Melted . | . . . . . Combat Hostiles . | . . . . . Parts Melted . | . . . . . Heat Transferred 235 | . . 50 185 . Parts Sabotaged . | . . . . . Parts Stolen . | . . . . . Parts Stripped . | . . . . . Power Chain Reactions . | . . . . . Missiles Intercepted . | . . . . . Alert | -11 -10 -10 -9 -9 ------- Run | Jun Mat Min Mat Min Peak Influence 148 | . 148 5 95 26 Initial 26 | . . . . 26 Average 23 | . 44 1 21 26 Maximum Alert Level . | . . . . . Low Security (%) 100 | 100 100 100 100 100 Level 1 . | . . . . . Level 2 . | . . . . . Level 3 . | . . . . . Level 4 . | . . . . . Level 5 . | . . . . . High Security . | . . . . . Max Security . | . . . . . Squads Dispatched . | . . . . . Investigation . | . . . . . Extermination . | . . . . . Reinforcement . | . . . . . Assault . | . . . . . Garrison . | . . . . . Intercept . | . . . . . Searches Triggered . | . . . . . Construction Impeded . | . . . . . Haulers Reinforced . | . . . . . Active Scanning Responses . | . . . . . Cargo Convoy Interrupts . | . . . . . Stealth | -11 -10 -10 -9 -9 --------- Run | Jun Mat Min Mat Min Distress Signals . | . . . . . Communications Jammed . | . . . . . Distress Signals . | . . . . . Times Spotted 5 | . . 2 3 . Peak Tracking Total 3 | . . 2 3 . Tactical Retreats . | . . . . . Traps | -11 -10 -10 -9 -9 ------- Run | Jun Mat Min Mat Min Traps Triggered . | . . . . . Indirectly . | . . . . . Trap Hack Attempts . | . . . . . Triggered . | . . . . . Disarmed . | . . . . . Reprogrammed . | . . . . . Reused . | . . . . . Traps Extracted . | . . . . . Installed . | . . . . . Triggered . | . . . . . Machines | -11 -10 -10 -9 -9 ---------- Run | Jun Mat Min Mat Min Machines Disabled 1 | . . 1 . . Max in Single Turn 1 | . . 1 . . Machines Repaired . | . . . . . Machines Sabotaged . | . . . . . Overloaded Fab Kills . | . . . . . Hacking | -11 -10 -10 -9 -9 --------- Run | Jun Mat Min Mat Min Machines Accessed 6 | . 5 1 . . Terminals 6 | . 5 1 . . Fabricators . | . . . . . Repair Stations . | . . . . . Recycling Units . | . . . . . Scanalyzers . | . . . . . Garrison Access . | . . . . . Total Hacks 11 | . 9 2 . . Successful 7 | . 6 1 . . Failed 4 | . 3 1 . . Catastrophic 2 | . 1 1 . . Database Lockouts . | . . . . . Manual 11 | . 9 2 . . Terminals 11 | . 9 2 . . Fabricators . | . . . . . Repair Stations . | . . . . . Recycling Units . | . . . . . Scanalyzers . | . . . . . Garrison Access . | . . . . . Terminal Hacks 3 | . 2 1 . . Branch Access Points 1 | . 1 . . . Terminal Index 2 | . 1 1 . . Fabricator Hacks . | . . . . . Repair Station Hacks . | . . . . . Recycling Unit Hacks . | . . . . . Scanalyzer . | . . . . . Garrison Access Hacks . | . . . . . Unauthorized Hacks 4 | . 4 . . . Terminals 4 | . 4 . . . Botnet 4 | . 4 . . . Fabricators . | . . . . . Repair Stations . | . . . . . Recycling Units . | . . . . . Scanalyzers . | . . . . . Garrison Access . | . . . . . Data Cores Recovered . | . . . . . Used . | . . . . . Hacking Detections 5 | . 4 1 . . Full Trace Events . | . . . . . Feedback Events . | . . . . . Feedback Blocked . | . . . . . Robot Schematics Acquired . | . . . . . Robots Built . | . . . . . Authchips . | . . . . . Time . | . . . . . Total Robot Build Rating . | . . . . . Part Schematics Acquired . | . . . . . Parts Built . | . . . . . Authchips . | . . . . . Time . | . . . . . Total Part Build Rating . | . . . . . Parts Repaired . | . . . . . Time . | . . . . . Parts Recycled . | . . . . . Recycled Matter . | . . . . . Retrieved Matter . | . . . . . Retrieved Components . | . . . . . Parts Scanalyzed . | . . . . . Part Schematics Acquired . | . . . . . Parts Damaged . | . . . . . Bothacking | -11 -10 -10 -9 -9 ------------ Run | Jun Mat Min Mat Min Used RIF Installer . | . . . . . Robots Hacked 2 | . . 1 1 . Non-combat 1 | . . 1 . . Combat 1 | . . . 1 . Robot Hacks Applied 2 | . . 1 1 . map_walls 1 | . . 1 . . find_shortcuts 1 | . . . 1 . Relay Couplers Released . | . . . . . Fabnet Peak Effective % . | . . . . . Robots Rewired . | . . . . . Allies Hacked . | . . . . . Hacks Repelled . | . . . . . Allies | -11 -10 -10 -9 -9 -------- Run | Jun Mat Min Mat Min Total Allies 1 | . . 1 . . Largest Group 1 | . . 1 . . Highest-Rated Group 31 | . . 31 . . Highest-Rated Ally 31 | . . 31 . . Total Orders . | . . . . . Ally Attacks . | . . . . . Total Damage . | . . . . . Kills . | . . . . . Allies Corrupted . | . . . . . Allies Melted . | . . . . . Intel | -11 -10 -10 -9 -9 ------- Run | Jun Mat Min Mat Min Robot Analysis Total 4 | 1 . 2 1 . Derelict Logs Recovered . | . . . . . Drone Launches . | . . . . . Drone Recoveries . | . . . . . Exploration | -11 -10 -10 -9 -9 ------------- Run | Jun Mat Min Mat Min Turns Passed 1196 | 45 466 406 210 69 Spaces Moved 1014 | 52 443 342 143 34 Core 22 | 21 . 1 . . Treads 134 | . . . 100 34 Legs . | . . . . . Wheels 858 | 31 443 341 43 . Hover . | . . . . . Flight . | . . . . . Fastest Speed 50 | 50 100 50 80 160 Average Speed 102 | 79 100 89 135 160 Slowest Speed 160 | 100 100 100 160 160 Overloaded Moves . | . . . . . Propulsion Burnouts . | . . . . . Robots Hopped . | . . . . . Cave-ins Triggered . | . . . . . Exploration Rate (%) 34 | 3 56 69 19 24 Regions Visited 4 Branch Regions 2 Pre-discovered Areas . | . . . . . Known Exits Taken 4 | 1 1 1 1 . Unknown Exits Taken . | . . . . . Scrap Searched . | . . . . . Spaces Dug 2 | . . 2 . . Terrain Destroyed 2 | . . 2 . . Melee . | . . . . . Projectile 2 | . . 2 . . AOE . | . . . . . Terrain Rammed . | . . . . . Walls Destroyed . | . . . . . Machines Disabled . | . . . . . Actions | -11 -10 -10 -9 -9 --------- Run | Jun Mat Min Mat Min Total 1129 | 55 466 409 151 48 Wait 75 | . 2 54 5 14 Move 1010 | 51 442 341 142 34 Hop . | . . . . . Pick Up 14 | 4 9 1 . . Fast Attach . | . . . . . Attach . | . . . . . Detach . | . . . . . Swap . | . . . . . Drop . | . . . . . Fire 17 | . . 13 4 . Melee . | . . . . . Ram . | . . . . . Kick . | . . . . . Crush . | . . . . . Escape Stasis . | . . . . . Rewire . | . . . . . Trap . | . . . . . Miscellaneous 13 | . 13 . . . Route ------- -11/Junkyard -10/Materials (discovered 3 exits: *Mat x2 / *Min) -10/Mines (discovered 2 exits: *Mat x2) -9/Materials -9/Mines History --------- Turn | Location | Event 3 | -11/Junkyard | Identified exit to Materials 3 | -11/Junkyard | Discovered exit to Materials (range 15) 46 | -11/Junkyard | Entered Materials 137 | -10/Materials | Identified exit to Materials 137 | -10/Materials | Discovered exit to Materials (range 14) 260 | -10/Materials | Discovered exit to Materials (range 11) 400 | -10/Materials | Identified exit to Mines 512 | -10/Materials | Entered Mines 515 | -10/Mines | Received a Mining Laser from a helpful Derelict 535 | -10/Mines | Received a Rocket Launcher from a helpful Derelict 659 | -10/Mines | Discovered exit to Materials (range 10) 746 | -10/Mines | Discovered exit to Materials (range 8) 763 | -10/Mines | Found a hidden stash of uninstalled traps 786 | -10/Mines | A weapon hastily lodged in a ceiling crevice suddenly fell to the ground 918 | -10/Mines | Entered Materials 1033 | -9/Materials | Identified exit to Mines 1033 | -9/Materials | Discovered exit to Mines (range 15) 1128 | -9/Materials | Entered Mines 1197 | -9/Mines | Self-destructed Last Messages --------------- 00961_ K-01 Serf collects debris. 01033_ EXIT=FOUND: MINES 01058_ K-01 Serf collects debris. 01070_ Connecting with Terminal... 01076_ Y-45 Defender suffers critical hit (Burn). 01076_ Y-45 Defender destroyed. 01076_ Switching to secondary target: G-34 Mercenary. 01076_ G-34 Mercenary destroyed. 01082_ B-36 Bruiser destroyed. 01089_ K-01 Serf cleans the Machine. 01101_ Acquired 19 Protomatter. 01102_ K-01 Serf collects debris. 01107_ Acquired 12 matter. 01110_ K-01 Serf collects debris. 01119_ R-06 Scavenger collects Heat Sink. 01120_ K-01 Serf collects debris. LOCATION=MINES GOAL=ESCAPE 01129_ K-01 Serf collects debris. 01162_ T-07 Excavator is excavating. Map ----- +----------------------------------------------------+ | ??????????????????????????????????????????? | | ??????????????????????????????????????????? | | ??????????????????????????????????????????? | | ??????????????????????????????????????????? | | ??????????????????????????????????????????? | | ??????????????????????????????????????????? | | ??????????????????????????????????????????? | | ??????????????????????????????????????????? | | ??????????????????????????????????????????? | | ??????????????????????????????????????????? | | ??????????????????????????????????????????? | | ??????????????????????#???????????????????? | | ?????????????????????% ??????????????????? | | ??????????????####??? #??????????????????? | | ?????????????## ### #??????????????????? | | ?????????????# ##????#????????????? | | ?????????????? ##?? #???????????? | | ?????????????? ## t ???????????? | | ??????????????? ??????????? | | ??????????????? ???????????? | | ??????###??#???# ?????????????? | | ?????## ## ?## ???????????????? | | ?????# ## #????????????????? | | ?????# #?????????????????? | | ??????# #??????????????????? | | ????????# Y ##?????????????????? | | ????????# ### ###???????????????? | | ?????????????## ##??????????????? | | ???????## ##### ##?????????????? | | ???????# #?????????????? | | ???????# #?????????????? | | ???????# ### # #?????????????? | | ??????# ???# ##### #????????????? | | ?????# ????# #????# #????????????? | | ???? ??#### #?????## #???????????? | | ??? ???# #???????# #???????????? | | ????? ????# ####????????# ????????????? | | ?????? ?????# #????????????###????????????? | | ????????????# #???????????????????????????? | | ????????????# #???????????????????????????? | | ????????????# #???????????????????????????? | | ????????????# ######??????????????????????? | | ???????###### ## #??????????????????????? | | ???????# #???###########????????? | | ???????# ## ##??# #????????? | | ???????# ####### #### #????????? | | ???????#??????# #????????? | | ?????????????# #### #????????? | | ?????????????# #??# #????????? | | ?????????????## #??# #????????? | +----------------------------------------------------+ Best States ------------- Heat Dissipation 36 Energy Generation 17 Energy Capacity 215 Matter Stores 100 Matter Capacity 100 Sight Range 16 Terrain Scan Range 16 Terrain Scan Density 85 Armor Coverage 150 Resistance: KI 35 Resistance: TH 35 Resistance: EX 85 Resistance: EM 35 Resistance: I 60 Resistance: S 35 Resistance: P 35 Evasion (%) 50 Recoil Reduction 2 Offensive Hacking 20 Item Schematics ----------------- None Robot Schematics ------------------ None Fabricated ------------ Nothing Alien Tech Used ----------------- None Achievements -------------- Armchair Analyst Challenges ------------ None Polymind | -11 -10 -10 -9 -9 ---------- Run | Jun Mat Min Mat Min Hosts 5 | 1 . 3 1 . Combat Hostiles 1 | . . . 1 . Allies . | . . . . . Unique Host Classes 4 | 1 . 2 1 . Average Host Suspicion 46 | 5 31 70 51 11 Unsuspicious Activity 84 | 2 65 6 11 . Returns to Shadow . | . . . . . Fuzzy Dispatches . | . . . . . Protomatter Created 19 | . . . 19 . Used 43 | 5 . 15 23 . Decayed . | . . . . . Highest Spend 23 | 5 . 5 23 . Top 5 Hosts by Kills: Y-45 Defender (-9/Materials: 3) Game ------ Seed ReflectiveCryofiberReactor Manual? 0 Play Time 00:12:21 Cumulative 5.7 hours Start 2023.04.02 @ 16:19:34 End 2023.04.02 @ 19:52:08 Sessions 2 Manual Loads 0 Difficulty Explorer Special Mode Winter2022/Polymind Game No. 11 Rogue 2 Adventurer 0 Explorer 9 Win Type - Total 0 Types 0/0/0/0/0/0/0/0/0 Lore% 13 Gallery% 12 Achievement% 18 Wizard Run 0 Options --------- ASCII 0 Keyboard 0 Movement Mouse Keybinds 0 Fullscreen 1 Font 18/SmallcapsGlow Map View 76x50 Tactical HUD 1 Map Filters NONE Filters NONE Steam 1 RUN: 989d00a3-28fa-4270-bf34-088248575e35